 Dungeon Crawl Stone Soup version 0.17.2 (webtiles) character file.

130594 Shtopit the Bludgeoner (level 16, -39/108 HPs)
             Began as a Gargoyle Berserker on May 11, 2016.
             Was the Champion of Trog.
             Blown up by an orb spider (52 damage)
             ... with an orb of destruction
             ... on level 4 of the Spider Nest.
             The game lasted 01:32:19 (27919 turns).

Shtopit the Bludgeoner (Gargoyle Berserker)        Turns: 27919, Time: 01:32:20

Health: -39/108    AC: 37    Str: 32    XL:     16   Next: 74%
Magic:  22/22      EV:  5    Int:  9    God:    Trog [******]
Gold:   1775       SH:  0    Dex:  9    Spells: 0 memorised, 15 levels left

rFire  . . .     SeeInvis +     k - +1 dire flail "Raisin" {venom, Str+5}
rCold  + . .     Clarity  .     d - +1 plate armour
rNeg   + . .     SustAt   .     (shield currently unavailable)
rPois  ∞         Gourm    +     U - +2 hat {MR+}
rElec  +         Spirit   .     Y - +0 cloak
rCorr  .         Warding  .     z - +1 pair of gloves
rMut   .         Stasis   .     D - +0 pair of boots
MR     ++...                    B - amulet of the gourmand
Stlth  ..........               e - ring of see invisible
                                j - +2 ring of slaying

@: exhausted, about to teleport, flying, held, slowed, very slow, very resistant
to hostile enchantments, extremely unstealthy
A: big wings, cold resistance 1, negative energy resistance 1, electricity
resistance, wild magic 2, unbreathing, petrification resistance, rot immunity,
AC +11
a: Stop Flying, Berserk, Trog's Hand, Brothers in Arms, Burn Spellbooks,
Renounce Religion
}: 1/15 runes: gossamer


You were on level 4 of the Spider Nest.
You worshipped Trog.
Trog was exalted by your worship.
You were very full.

You visited 3 branches of the dungeon, and saw 23 of its levels.
You also visited: Labyrinth.

You collected 1775 gold pieces.

Inventory:

Hand Weapons
 k - the +1 dire flail "Raisin" (weapon) {venom, Str+5}
   (Trog gifted it to you on level 6 of the Lair of Beasts)

   It poisons the flesh of those it strikes.
   It affects your strength (+5).
 l - a +3 antimagic great mace
 J - a +6 longbow of flaming
Missiles
 w - 85 arrows
Armour
 d - a +1 plate armour (worn)
 o - a +0 pair of gloves
 z - a +1 pair of gloves (worn)
 D - a +0 pair of boots (worn)
 U - a +2 hat of magic resistance (worn)
 Y - a +0 cloak (worn)
Rods
 g - a +2 lightning rod (17/17)
   (You took it off a minotaur in a labyrinth)
Jewellery
 e - a ring of see invisible (right hand)
 j - a +2 ring of slaying (left hand)
 n - an uncursed ring of protection from fire
 r - a +3 ring of evasion
 B - an amulet of the gourmand (around neck)
 G - a +3 ring of protection
 N - an uncursed ring of protection from cold
Wands
 b - a wand of hasting (6)
 I - a wand of fire (8)
 R - a wand of digging (4)
 W - a wand of teleportation (8)
Scrolls
 h - 8 scrolls of remove curse
 m - a scroll of torment {unknown}
 t - 4 scrolls of blinking
 x - 2 scrolls of fog
 y - 5 scrolls of enchant weapon
 C - 6 scrolls of teleportation
 H - 5 scrolls of magic mapping
 P - 2 scrolls of fear
 Q - a scroll of identify
 V - a scroll of enchant armour
Potions
 f - 2 potions of haste
 i - a potion of heal wounds
 p - 3 potions of brilliance
 u - 3 potions of resistance
 A - 2 potions of cancellation
 E - a potion of cure mutation
 K - a potion of invisibility
 T - 5 potions of curing
Miscellaneous
 a - a sack of spiders
 q - a disc of storms
 v - a plain deck of wonders {drawn: 2}
 F - a lamp of fire
 M - a plain deck of wonders
 Z - a fan of gales
Comestibles
 c - 17 bread rations
 s - 11 meat rations
 O - 35 fruits
 S - 15 royal jellies
 X - 7 slices of pizza


   Skills:
 + Level 15.6 Fighting
 + Level 17.0 Maces & Flails
 + Level 3.6 Bows
 + Level 15.4 Armour
 + Level 5.6 Dodging
 - Level 1.9 Stealth
 * Level 9.1 Evocations


You had 15 spell levels left.
You didn't know any spells.

Dungeon Overview and Level Annotations

Branches:
Dungeon (11/15)            Temple (0/1) D:7            Lair (8/8) D:11
 Shoals (0/4) Lair:6       Spider (4/4) Lair:3        Slime (0/6) Lair:7
    Orc (0/4) D:9

Altars:
Dithmenos
Elyvilon
Fedhas
Kikubaaqudgha
Makhleb
Sif Muna
Trog
The Shining One
Jiyva

Annotations:
Lair:7 1 runed door
Spider:4 Agnes


Innate Abilities, Weirdness & Mutations

You are resistant to torment.
Your stone body is resilient (AC +11).
You are immune to poison.
Your large and strong wings let you fly indefinitely.
You resist negative energy.
You are resistant to electric shocks.
You can survive without breathing.
You are immune to petrification.
You are immune to rotting.
Your flesh is cold resistant.
Your spells are harder to cast, but more powerful.


Message History

The wolf spider dies!
Trog accepts your kill.
The jumping spider pounces on you but does no damage.
The jumping spider bites you but does no damage.
A tarantella comes into view.
Your hill giant misses Agnes.
The jumping spider pounces on you.
* * * LOW HITPOINT WARNING * * *
You are caught in a web!
The jumping spider barely misses you. Agnes hits you but does no damage.
The jumping spider pounces on you but does no damage.
The jumping spider bites you but does no damage.
The redback bites your hill giant!
Your hill giant misses Agnes.
Agnes hits you with a vampiric lajatang!
* * * LOW HITPOINT WARNING * * *
The jumping spider leaps!
The wolf spider hits you but does no damage.
The wolf spider bites you.
* * * LOW HITPOINT WARNING * * *
The orb of destruction hits you!
You die...

...#.............,...#*
...#............##...#
#######....^....#^...##
##...#^...^.....#
##..##...^#,..#*
##.......##..#** ####
##..s..†....#.# #≈.#
##....s.s....# ...#
#..#.@s##..^# ..≈#
####.§i##%..# ..##
#.§Cs§ss.#* ≈##
#s§####s..# ## ##s#*
*,,## # *#^.* *,,* ##
*..#***,,* .#
*...,,,,,** .#
#...,*,,,,*


You could see Agnes, a wolf spider, an orb spider, 2 jumping spiders, a
tarantella, a redback, a spider and a friendly hill giant (berserk).

Vanquished Creatures
  Nikola (Spider:4)
  Arachne (Spider:3)
  Asterion (Spider:1)
  Kirke (Spider:1)
  Roxanne (Spider:2)
  Aizul (Spider:4)
  The ghost of pedritolo the Unseen, an adept VSWr of Makhleb (Spider:4)
  7 emperor scorpions
  2 ghost moths (Spider:4)
  Snorg (Lair:8)
  A minotaur (Lab)
  Erolcha (D:8)
  Harold (Lair:1)
  6 hydras
  2 entropy weavers
  The ghost of nublet the Black Sun, a novice TrNe of Kikubaaqudgha (D:10)
  Urug (D:11)
  A fire crab (Lair:6)
  A hill giant (D:11)
  15 orb spiders
  An oklob plant (Lair:5)
  23 wolf spiders
  3 hornets (Spider:4)
  2 griffons (Lair:2)
  15 elephants
  A cyclops (D:11)
  A moth of wrath (Spider:4)
  Joseph (D:8)
  A torpor snail (Spider:1)
  16 spiny frogs
  4 komodo dragons
  3 fire drakes
  A deep elf priest (D:10)
  12 demonic crawlers
  13 jumping spiders
  12 polar bears
  A troll (D:10)
  2 two-headed ogres (D:8)
  2 raiju (Lair:8)
  A boulder beetle (Spider:4)
  Grinder (D:3)
  31 blink frogs
  2 deep elf magi
  A snapping turtle (Lair:6)
  22 trapdoor spiders
  52 yaks
  33 redbacks
  14 tarantellas
  A human (D:7)
  2 basilisks
  7 hippogriffs
  22 wolves
  20 porcupines
  22 water moccasins
  4 hell hounds (Lair:8)
  7 wargs (Lair:8)
  13 black bears
  23 spiders
  4 orc warriors
  2 ice beasts
  3 wasps
  An ogre (D:7)
  3 sky beasts
  2 necrophages
  A phantom (D:5)
  5 centaurs
  13 crocodiles
  15 giant frogs
  A big kobold (D:8)
  A wyvern zombie (D:10)
  A gnoll sergeant (D:9)
  4 scorpions
  13 killer bees
  3 electric eels
  5 crimson imps
  2 giant frog zombies
  16 hounds
  4 lava snakes (Lab)
  A quasit (D:8)
  5 jellies
  7 orc priests
  2 centaur skeletons
  Ijyb (D:3)
  5 orc wizards
  7 worker ants
  10 iguanas
  23 sheep
  2 hound skeletons
  2 worker ant zombies
  7 gnolls
  11 adders
  62 river rats
  2 shadow imps
  2 oozes
  2 adder zombies
  An adder skeleton (D:8)
  A worm (D:2)
  9 giant geckos
  34 orcs
  5 giant cockroaches
  7 hobgoblins
  13 jackals
  12 kobolds
  A quokka (D:7)
  12 bats
  4 giant newts
  8 goblins
  10 rats
  2 fungi
  4 plants
812 creatures vanquished.

Vanquished Creatures (collateral kills)
  A wolf spider (Spider:4)
  A tarantella (Spider:4)
  A spider (Spider:4)
3 creatures vanquished.

Vanquished Creatures (others)
  3 humans (Spider:1)
  A spider (Spider:1)
  22 fungi
  10 plants
36 creatures vanquished.

Grand Total: 851 creatures vanquished

Notes
Turn   | Place    | Note
--------------------------------------------------------------
     0 | D:1      | Shtopit the Gargoyle Berserker began the quest for the Orb.
     0 | D:1      | Reached XP level 1. HP: 14/14 MP: 1/1
   102 | D:1      | Reached XP level 2. HP: 19/19 MP: 2/2
   547 | D:1      | Reached ** piety under Trog
   591 | D:1      | Reached XP level 3. HP: 24/24 MP: 3/3
   791 | D:2      | Reached skill level 4 in Fighting
   791 | D:2      | Reached XP level 4. HP: 24/29 MP: 4/4
  1548 | D:3      | Reached *** piety under Trog
  1623 | D:3      | Found a burning altar of Makhleb.
  1663 | D:3      | Reached XP level 5. HP: 30/33 MP: 5/5
  1679 | D:3      | Noticed Ijyb
  1703 | D:3      | Killed Ijyb
  1804 | D:3      | Found an ancient bone altar of Kikubaaqudgha.
  1928 | D:3      | Found a faded altar to an unknown god.
  1979 | D:3      | Noticed Grinder
  1979 | D:3      | Paralysed by Grinder for 7 turns
  1989 | D:3      | Paralysed by Grinder for 7 turns
  2022 | D:3      | Killed Grinder
  2022 | D:3      | Reached skill level 5 in Fighting
  2022 | D:3      | Reached XP level 6. HP: 36/40 MP: 6/6
  2064 | D:3      | Found a bloodstained altar of Trog.
  2066 | D:3      | Found a white marble altar of Elyvilon.
  2068 | D:3      | Found a deep blue altar of Sif Muna.
  2069 | D:3      | Found a blossoming altar of Fedhas.
  2370 | D:4      | Found a glowing golden altar of the Shining One.
  2455 | D:4      | Reached skill level 5 in Maces & Flails
  2942 | D:4      | Reached XP level 7. HP: 44/44 MP: 7/7
  3313 | D:5      | Entered Level 5 of the Dungeon
  3332 | D:5      | Reached skill level 5 in Armour
  3334 | D:5      | Reached **** piety under Trog
  3336 | D:5      | Reached skill level 6 in Fighting
  4018 | D:6      | Reached XP level 8. HP: 52/52 MP: 8/8
  4289 | D:6      | Reached skill level 7 in Fighting
  4776 | D:7      | Reached skill level 1 in Stealth
  4821 | D:7      | Reached XP level 9. HP: 49/57 MP: 9/9
  5012 | D:7      | Reached ***** piety under Trog
  5223 | D:7      | Found a staircase to the Ecumenical Temple.
  5242 | D:7      | Reached skill level 8 in Fighting
  5759 | D:8      | Noticed Joseph
  5771 | D:8      | Killed Joseph
  5983 | D:8      | Reached XP level 10. HP: 47/65 MP: 10/10
  5989 | D:8      | Reached skill level 9 in Fighting
  6333 | D:8      | Noticed Erolcha
  6348 | D:8      | Killed Erolcha
  6943 | D:8      | Reached skill level 10 in Fighting
  6999 | D:9      | Received a gift from Trog
  7161 | D:9      | Found a staircase to the Orcish Mines.
  7321 | D:9      | Found a shadowy altar of Dithmenos.
  7369 | D:10     | Entered Level 10 of the Dungeon
  7379 | D:10     | Noticed nublet's ghost (novice TrNe)
  7396 | D:10     | Killed nublet's ghost
  7396 | D:10     | Reached skill level 10 in Maces & Flails
  7451 | D:10     | Reached XP level 11. HP: 67/72 MP: 11/11
  7466 | D:10     | Reached skill level 10 in Armour
  7998 | D:10     | Reached skill level 11 in Maces & Flails
  8263 | D:10     | Found a burning altar of Makhleb.
  8408 | D:11     | Noticed a hill giant
  8423 | D:11     | Killed a hill giant
  9192 | D:11     | Found a staircase to the Lair.
  9272 | D:11     | Noticed Urug
  9283 | D:11     | Killed Urug
  9481 | Lair:1   | Entered Level 1 of the Lair of Beasts
  9521 | Lair:1   | Noticed Harold
  9535 | Lair:1   | Killed Harold
  9535 | Lair:1   | Received a gift from Trog
  9609 | Lair:1   | Noticed a six-headed hydra
  9618 | Lair:1   | Killed a six-headed hydra
  9618 | Lair:1   | Reached skill level 12 in Maces & Flails
  9618 | Lair:1   | Reached XP level 12. HP: 80/80 MP: 12/12
 11732 | Lair:2   | Reached skill level 13 in Maces & Flails
 12392 | Lair:3   | Found a hole to the Spider Nest.
 12566 | Lair:3   | Reached ****** piety under Trog
 12566 | Lair:3   | Reached XP level 13. HP: 68/87 MP: 13/13
 12570 | Lair:3   | Reached skill level 1 in Evocations
 12958 | Lair:3   | Received a gift from Trog
 14702 | Lair:5   | Reached skill level 14 in Maces & Flails
 14737 | Lair:5   | Received a gift from Trog
 14752 | Lair:5   | Found a labyrinth entrance.
 14771 | Lab      | Entered a labyrinth
 15267 | Lab      | Noticed a minotaur
 15281 | Lab      | Killed a minotaur
 15290 | Lab      | Got a translucent hunting sling
 15458 | Lair:5   | Gained mutation: Your spells are a little harder to cast, but a little more powerful. [potion of mutation]
 15458 | Lair:5   | Gained mutation: Your spells are harder to cast, but more powerful. [potion of mutation]
 15458 | Lair:5   | Gained mutation: Your flesh is cold resistant. [potion of mutation]
 17093 | Lair:6   | Gained mutation: Your large and strong wings let you fly indefinitely. [Gargoyle growth]
 17093 | Lair:6   | Reached XP level 14. HP: 91/94 MP: 17/17
 17221 | Lair:6   | Received a gift from Trog
 17291 | Lair:6   | Got a faintly glowing dire flail {god gift}
 17292 | Lair:6   | Identified the +1 dire flail "Raisin" {venom, Str+5} (Trog gifted it to you on level 6 of the Lair of Beasts)
 17620 | Lair:6   | Found a staircase to the Shoals.
 18027 | Lair:7   | Found a runed door.
 18028 | Lair:7   | Found a viscous altar of Jiyva.
 18038 | Lair:7   | Noticed an acid blob
 18039 | Lair:7   | Found a staircase to the Slime Pits.
 18040 | Lair:7   | Noticed an acid blob
 18058 | Lair:7   | Identified a scroll of acquirement
 18449 | Lair:7   | Reached skill level 5 in Evocations
 18593 | Lair:7   | Identified the +8 hunting sling "Kotau" {velocity, rPois} (You took it off a minotaur in a labyrinth)
 19059 | Lair:8   | Entered Level 8 of the Lair of Beasts
 19304 | Lair:8   | Noticed Snorg
 19325 | Lair:8   | Killed Snorg
 19352 | Lair:8   | HP: 4/95 [yak (9)]
 19713 | Lair:8   | Received a gift from Trog
 19778 | Lair:8   | Reached skill level 15 in Maces & Flails
 20178 | Lair:8   | Reached skill level 5 in Dodging
 20672 | Lair:8   | Received a gift from Trog
 21275 | Spider:1 | Entered Level 1 of the Spider Nest
 21293 | Spider:1 | Noticed Kirke
 21294 | Spider:1 | Noticed Asterion
 21307 | Spider:1 | Killed Kirke
 21320 | Spider:1 | Killed Asterion
 21320 | Spider:1 | Reached XP level 15. HP: 101/101 MP: 19/19
 21325 | Spider:1 | Got a smoking shield
 21335 | Spider:1 | Identified the +3 shield of Amelioration {rCorr Dex-4 Stlth+} (You took it off Asterion on level 1 of the Spider Nest)
 22969 | Spider:2 | Received a gift from Trog
 23195 | Spider:2 | Reached skill level 1 in Bows
 24083 | Spider:2 | Noticed Roxanne
 24110 | Spider:2 | Killed Roxanne
 24285 | Spider:3 | Noticed Arachne
 24314 | Spider:3 | Killed Arachne
 24368 | Spider:3 | Reached skill level 16 in Maces & Flails
 24439 | Spider:3 | Received a gift from Trog
 24733 | Spider:3 | Reached skill level 15 in Fighting
 25403 | Spider:4 | Entered Level 4 of the Spider Nest
 25478 | Spider:4 | Reached XP level 16. HP: 100/108 MP: 22/22
 25648 | Spider:4 | Noticed Nikola
 25688 | Spider:4 | Killed Nikola
 25688 | Spider:4 | Reached skill level 15 in Armour
 27103 | Spider:4 | Received a gift from Trog
 27358 | Spider:4 | Noticed pedritolo's ghost (adept VSWr)
 27599 | Spider:4 | Killed pedritolo's ghost
 27662 | Spider:4 | Got a gossamer rune of Zot
 27890 | Spider:4 | Noticed Aizul
 27908 | Spider:4 | Killed Aizul
 27908 | Spider:4 | Reached skill level 17 in Maces & Flails
 27914 | Spider:4 | Noticed Agnes
 27919 | Spider:4 | Blown up by an orb spider

Action                   |  1- 3 |  4- 6 |  7- 9 | 10-12 | 13-15 | 16-18 || total
-------------------------+-------+-------+-------+-------+-------+-------++-------
Melee: Mace              |   118 |     8 |       |       |       |       ||   126
       Flail             |       |   220 |   200 |       |   198 |       ||   618
       Morningstar       |       |       |   163 |   759 |   363 |       ||  1285
       Dire flail        |       |       |       |       |   999 |   312 ||  1311
       Great mace        |       |       |       |       |    30 |       ||    30
 Fire: Longbow           |       |       |       |       |    71 |     1 ||    72
Invok: Trog's Hand       |       |     1 |       |     2 |     3 |       ||     6
       Berserk           |       |       |     5 |    11 |    10 |     7 ||    33
       Burn Spellbooks   |       |       |       |     2 |     6 |     1 ||     9
       Brothers in Arms  |       |       |       |       |       |     1 ||     1
 Abil: Fly               |       |       |       |       |     1 |       ||     1
Evoke: Rod               |       |       |       |       |    18 |    10 ||    28
       Deck              |       |       |       |       |     2 |       ||     2
       Disc of storms    |       |       |       |       |    11 |       ||    11
  Use: Scroll            |       |       |     4 |    15 |    12 |     3 ||    34
       Potion            |       |       |       |       |    16 |       ||    16
  Eat: Chunk             |       |     5 |    24 |    35 |    45 |    10 ||   119
       Beef jerky        |       |     1 |       |       |     4 |     5 ||    10
       Fruit             |       |       |       |       |     1 |       ||     1
       Pizza             |       |       |       |       |     1 |       ||     1
